 Dungeon Crawl Stone Soup version 0.31-a0-640-g39d97e502b (webtiles) character file.

Game seed: 1815619428817665153

366 avis the Cleaver (level 6, -2/57 HPs)
             Began as a Hill Orc Monk on Aug 27, 2023.
             Slain by a gnoll
             ... wielding a +0 whip
             ... led by a gnoll sergeant
              (5 damage)
             ... on level 4 of the Dungeon.
             The game lasted 00:25:30 (3822 turns).

avis the Cleaver (Hill Orc Monk)                    Turns: 3822, Time: 00:25:31

Health: -2/57      AC:  4    Str: 16    XL:     6   Next: 68%
Magic:  6/6        EV: 10    Int: 10    God:
Gold:   1          SH:  7    Dex: 13    Spells: 5/5 levels left

rFire   . . .        a - +0 war axe
rCold   . . .        u - +0 kite shield
rNeg    . . .        D - +3 leather armour
rPois   .            (no helmet)
rElec   .            C - +1 cloak
rCorr   .            (no gloves)
SInv    .            (no boots)
Will    .....        (no amulet)
Stlth   +            s - ring of flight
HPRegen 0.29/turn    (no ring)
MPRegen 0.10/turn

%: no passive effects
@: corroded, flying
A: no striking features
a: no special abilities


You were on level 4 of the Dungeon.
You visited 1 branch of the dungeon, and saw 5 of its levels.

You collected 231 gold pieces.
You spent 230 gold pieces at shops.

Inventory:

Hand Weapons
 a - a +0 war axe (weapon)
 b - a +0 sling
 m - a +0 dagger of venom
 n - a +2 dagger of venom
 A - a +0 trident
 G - a +0 trident
 H - a +0 hand axe
 J - a +0 spear
 K - a +2 dagger of speed
Missiles
 h - 74 stones
 o - 9 poisoned darts (quivered)
 z - 2 boomerangs
 I - a throwing net
Armour
 d - an orb of light
 u - a +0 kite shield (worn)
 C - a +1 cloak (worn)
 D - a +3 leather armour (worn)
Magical Staves
 F - a staff of poison
Jewellery
 s - a ring of flight (left hand)
 v - an amulet of faith
Scrolls
 f - 2 scrolls of fear
 g - a scroll of enchant weapon {unknown}
 p - 2 scrolls of identify {unknown}
 r - 2 scrolls of vulnerability {unknown}
 t - a scroll of summoning {unknown}
 w - a scroll of enchant armour {unknown}
 x - 2 scrolls of fog {unknown}
 y - 4 scrolls of teleportation
 E - a scroll of poison {unknown}
Potions
 c - a potion of ambrosia
 e - 3 potions of curing {unknown}
 i - 3 potions of degeneration
 j - a potion of haste {unknown}
 k - a potion of berserk rage {unknown}
 l - a potion of invisibility {unknown}
 q - 2 potions of magic {unknown}
 B - a potion of attraction {unknown}


   Skills:
 + Level 5.8 Fighting
 * Level 8.1 Axes
 - Level 2.4 Dodging


You had 5 spell levels left.
You didn't know any spells.
Your spell library contained the following spells:

 Spells                   Type           Power      Damage    Failure   Level
 Portal Projectile        Hex/Tloc       0%         N/A       99%         3
 Tukima's Dance           Hex            0%         N/A       99%         3
 Iskenderun's Mystic Bla  Conj/Tloc      0%         2d3       100%        4


Dungeon Overview and Level Annotations

Branches:
Dungeon (5/15)
 Temple: D:4-7

Altars:

Shops:
D:1 *?**

Annotations:
D:1 Gold on island
D:2 1 runed translucent door, exclusion: door
D:3 Grinder


Message History

You hit the jelly.
Your hands burn!
The jelly is lightly wounded.
You hit the orc but do no damage. You hit the gnoll.
The gnoll hits you but does no damage. The jelly hits you.
You are splashed with acid!
The orc barely misses you.
You hit the jelly.
Your hands burn!
The jelly is lightly wounded.
You hit the orc.
You kill the orc!
You hit the gnoll but do no damage. You block the gnoll's attack.
The jelly barely misses you. The gnoll hits you but does no damage.
You block the jelly's attack. You block the gnoll's attack.
You hit the gnoll.
The gnoll is almost dead.
You hit the jelly.
Your hands burn!
You hit the gnoll. You block the gnoll's attack.
The jelly completely misses you. The gnoll hits you with a +0 whip.
You slash the gnoll!
You kill the gnoll!
You hit the gnoll but do no damage. You hit the jelly. The acid corrodes you!
Your hands burn!
The jelly misses you. The gnoll hits you with a +0 whip.
You hit the jelly but do no damage.
Your hands burn!
The jelly is severely wounded.
You barely miss the gnoll. You block the jelly's attack.
You block the gnoll's attack.
You hit the jelly.
Your hands burn!
* * * LOW HITPOINT WARNING * * *
The jelly is almost dead.
You barely miss the gnoll. You block the jelly's attack.
The gnoll hits you with a +0 whip.
* * * LOW HITPOINT WARNING * * *
The jelly hits you.
* * * LOW HITPOINT WARNING * * *
You are splashed with acid!
* * * LOW HITPOINT WARNING * * *
The gnoll barely misses you.
You slash the jelly!
You kill the jelly!
You slash the gnoll! The gnoll hits you with a +0 whip.
You die...

#########.##
#...........
#.........#.
###############.
#...............
#........#######
#...............
###........#######
#@g........##
#)).........## ##
#............# #.
#...#.######.# #.
#...#.# #.####.
#...#.# #......
#...#.#######.....
#.................
#.#.#.########..##


You could see a gnoll.

Vanquished Creatures
  An ogre (D:3)
  A phantom (D:4)
  A jelly (D:4)
  2 orc wizards
  2 gnolls (D:4)
  7 adders
  A dart slug (D:1)
  6 orcs
  7 bats
  10 endoplasms
  3 giant cockroaches (D:1)
  7 hobgoblins
  12 kobolds
  5 ball pythons
  2 frilled lizards
  5 goblins
  8 rats
80 creatures vanquished.

Notes
Turn   | Place    | Note
-------+----------+-------------------------------------------
     0 | D:1      | avis the Hill Orc Monk began the quest for the Orb.
     0 | D:1      | Reached XP level 1. HP: 19/19 MP: 1/1
   130 | D:1      | Reached XP level 2. HP: 27/27 MP: 2/2
   136 | D:1      | Found Tiwey's Assorted Antiques.
   285 | D:1      | Found Homuiq's General Store.
   381 | D:1      | Found Moecluu's Assorted Antiques.
   494 | D:1      | Reached skill level 5 in Axes
   494 | D:1      | Reached XP level 3. HP: 26/33 MP: 3/3
   668 | D:1      | Found Reylibb's Magic Scroll Shoppe.
  1043 | D:1      | Bought a potion of degeneration for 13 gold pieces
  1084 | D:1      | Bought a cyan potion for 23 gold pieces
  1084 | D:1      | Bought a dark potion for 23 gold pieces
  1374 | D:2      | Reached XP level 4. HP: 33/41 MP: 4/4
  1593 | D:2      | Found a runed translucent door.
  1757 | D:1      | Bought a scroll of fear for 56 gold pieces
  1875 | D:3      | Reached skill level 6 in Axes
  2067 | D:3      | Noticed an ogre
  2085 | D:3      | Killed an ogre
  2086 | D:3      | Reached skill level 5 in Fighting
  2086 | D:3      | Reached XP level 5. HP: 21/48 MP: 5/5
  2108 | D:3      | Reached skill level 7 in Axes
  2211 | D:3      | Noticed Grinder
  2218 | D:3      | Paralysed by Grinder for 5 turns
  2565 | D:3      | Reached XP level 6. HP: 50/56 MP: 6/6
  2835 | D:1      | Bought a sedimented amethyst potion for 23 gold pieces
  2893 | D:1      | Bought a scroll labelled ARHASU CIMUEG for 24 gold pieces
  2951 | D:1      | Bought a scroll labelled QOZETO IDDIMA for 26 gold pieces
  3692 | D:1      | Bought a scroll of teleportation for 42 gold pieces
  3755 | D:5      | Entered Level 5 of the Dungeon
  3769 | D:4      | Reached skill level 8 in Axes
  3822 | D:4      | Slain by a gnoll

Illustrated notes

Levels and vault maps discovered:
D:1:      dpeg_arrival_shelter, layout_loops_corners, serial_shops, shop, shop,
          shop, nicolae_shop_overgrown_old_shop,
          corexii_item_surrounded_by_moat, chequers_jeans, minmay_3d_cube
D:2:      wander_river, layout_rooms, minmay_indecisive_spiral,
          uniq_crazy_yiuf_cottage
D:3:      layout_loops_ring, minivault_26, uniq_grinder
D:4:      layout_basic
D:5:      layout_rooms, jmf_multi_god_temple, grunt_qazlal_clouds,
          minmay_temple_entry_proselytizer

Skill      XL: |  1  2  3  4  5  6 |
---------------+-------------------+-----
Fighting       | 4 5 |  5.8
Axes           | 5 6 7 8 |  8.1
Dodging        | |  2.4

Action                     |  1- 3 |  4- 6 || total
---------------------------+-------+-------++-------
  Melee: Hand axe          |    90 |   111 ||   201
         War axe           |       |    33 ||    33
   Fire: Sling             |    35 |    13 ||    48
  Throw: Dart              |       |     4 ||     4
 Armour: Robe              |    13 |     4 ||    17
         Scale mail        |       |    35 ||    35
         Leather armour    |       |    27 ||    27
  Dodge: Dodged            |    61 |    49 ||   110
  Block: Kite shield       |       |    68 ||    68

Table legend: (Time is in decaauts)
 A = Elapsed time spent in this place.
 B = Non-inter-level travel time spent in this place.
 C = Inter-level travel time spent in this place.
 D = Time resting spent in this place.
 E = Time spent auto-exploring this place.
 F = Levels seen in this place.
 G = Mean time per level.
                   A        B        C        D        E       F      G
               +--------+--------+--------+--------+--------+-----+--------+
         Total |   3861 |   3252 |    609 |    304 |   1455 |   5 |  772.2 |
       Dungeon |   3861 |   3252 |    609 |    304 |   1455 |   5 |  772.2 |
               +--------+--------+--------+--------+--------+-----+--------+

Top non-repeatable levels by time:
     D:1: 1390 daAuts
     D:3: 1125 daAuts
     D:4: 693 daAuts
     D:2: 646 daAuts
     D:5: 5 daAuts
